 Dungeon Crawl Stone Soup version 0.23.2-30-g0e89c35649 (webtiles) character file.

Game seed: 9717158127611921050

1661 Mrkan the Ruffian (level 8, -10/118 HPs)
             Began as a Troll Berserker on June 23, 2019.
             Was a Priest of Trog.
             Mangled by an orc warrior
             ... wielding a +0 dire flail
              (23 damage)
             ... on level 6 of the Dungeon.
             The game lasted 00:07:46 (3523 turns).

Mrkan the Ruffian (Troll Berserker)                 Turns: 3523, Time: 00:07:47

Health: -10/118    AC:  6    Str: 31    XL:     8   Next: 69%
Magic:  7/7        EV: 10    Int:  4    God:    Trog [***...]
Gold:   250        SH:  0    Dex: 10    Spells: 7/7 levels left

rFire    . . .     SeeInvis +   I - +5 dire flail (protect)
rCold    . . .     Gourm    +   (shield currently unavailable)
rNeg     . . .     Faith    .   a - +0 animal skin
rPois    .         Spirit   .   (helmet restricted)
rElec    .         Reflect  .   (no cloak)
rCorr    .         Harm     .   (gloves unavailable)
MR       .....                  (boots unavailable)
Stlth    ..........             n - amulet of the acrobat
HPRegen  0.69/turn              j - ring of see invisible
MPRegen  0.10/turn              q - ring of stealth

@: berserking, very quick
A: large, unfitting armour, claws 3, fast metabolism 3, gourmand, regeneration
1, shaggy fur 1, tough skin 3
a: Berserk, Trog's Hand, Renounce Religion


You were on level 6 of the Dungeon.
You worshipped Trog.
Trog was most pleased with you.
You were near starving.

You visited 1 branch of the dungeon, and saw 6 of its levels.

You collected 250 gold pieces.

Inventory:

Hand Weapons
 C - a +1 whip of freezing
 I - a +5 dire flail of protection (weapon)
Missiles
 h - 114 stones (quivered)
Armour
 a - a +0 animal skin (worn)
Jewellery
 j - a ring of see invisible (left claw)
 n - an amulet of the acrobat (around neck)
 q - a ring of stealth (right claw)
 A - an uncursed ring of stealth
Wands
 s - a wand of polymorph (8)
 u - a wand of enslavement (8)
Scrolls
 c - a scroll of blinking {unknown}
 d - 3 scrolls of teleportation
 f - 6 scrolls of identify
 g - 3 scrolls of fog {unknown}
 i - 3 scrolls of random uselessness {unknown}
 m - a scroll of amnesia {unknown}
 v - a scroll of summoning {unknown}
 y - a scroll of magic mapping {unknown}
 z - a scroll of enchant weapon {unknown}
 D - a scroll of remove curse {unknown}
 E - 2 scrolls of noise {unknown}
 G - a scroll of immolation {unknown}
Potions
 e - 2 potions of haste
 k - a potion of curing
 o - a potion of cancellation {unknown}
 p - a potion of resistance {unknown}
 r - a potion of brilliance {unknown}
 t - a potion of mutation {unknown}
 x - a potion of might {unknown}
 B - a potion of ambrosia {unknown}
 F - a potion of heal wounds {unknown}
 H - a potion of flight {unknown}
Comestibles
 b - 9 rations


   Skills:
 + Level 4.9 Fighting
 * Level 6.6 Throwing
 - Level 2.4 Dodging
 - Level 7.1 Unarmed Combat


You had 7 spell levels left.
You didn't know any spells.
Your spell library was empty.

Dungeon Overview and Level Annotations

Branches:
Dungeon (6/15)
 Temple: D:4-7

Altars:
Ashenzari
Qazlal
Zin

Annotations:
D:3 2 transporters, tropicdream's ghost, amateur DrAE


Innate Abilities, Weirdness & Mutations

You are too large for most types of armour.
You have claws for hands.
Your metabolism is lightning-fast.
You like to eat raw meat.
Your natural rate of healing is unusually fast.
You are covered in fur. (AC +1)
You have extremely tough skin. (AC +3)


Message History

You are feeling very hungry.
The orc warrior hits you with a +0 dire flail.
The quokka zombie barely misses you.
The leopard gecko zombie bites you but does no damage.
The orc warrior hits you with a +0 dire flail!
* * * LOW HITPOINT WARNING * * *
The quokka zombie bites you but does no damage.
The leopard gecko zombie bites you.
* * * LOW HITPOINT WARNING * * *
The orc warrior zaps a wand.
You shrug off the repeated paralysis!
The quokka zombie bites you.
* * * LOW HITPOINT WARNING * * *
The leopard gecko zombie bites you but does no damage.
You can move again.
Okay, then.
A red film seems to cover your vision as you go berserk!
You feel yourself moving faster!
You feel mighty!
You are near starving!
The orc warrior hits you with a +0 dire flail!!
You die...

.....#...#.#...#
......#.#...#.#p. ..
...#...#..(..#...# ...
....#..#.....#..#.. ...
.#...###....[###...#.#
..#..#..#...#..# #..#
...###...#.#...###...#
..#...#..)#...#...#..#
.#.....#..#..#..@..#
........#####..ZZo.....#
.#.....#..#..#.....#...#
..#...#...#...#...#....#
...###...#.#...###.....#
..# ..#...#.. #...>. .#
##.....## #..## . ... ##


You could see an orc warrior, a leopard gecko zombie and a quokka zombie.

Vanquished Creatures
  Pikel (D:6)
  Grinder (D:6)
  Edmund (D:6)
  A slave (D:6)
  An ice beast (D:6)
  A sky beast (D:4)
  3 bullfrogs (D:6)
  2 crimson imps (D:5)
  A bullfrog skeleton (D:5)
  An orc priest (D:4)
  A hound (D:4)
  3 orc wizards
  3 iguanas
  Terence (D:2)
  3 worker ants
  A howler monkey zombie (D:5)
  A gnoll (D:1)
  5 adders
  An adder zombie (D:5)
  2 worms (D:2)
  2 dart slugs
  15 orcs
  4 bats
  2 giant cockroaches (D:2)
  6 goblins
  9 hobgoblins
  6 kobolds
  2 quokkas
  2 ball pythons
  A ball python zombie (D:5)
  10 frilled lizards
  A jackal skeleton (D:4)
  A leopard gecko zombie (D:5)
  9 rats
104 creatures vanquished.

Vanquished Creatures (others)
  2 slaves (D:6)
  An ogre (D:6)
3 creatures vanquished.

Grand Total: 107 creatures vanquished

Notes
Turn   | Place    | Note
-------+----------+-------------------------------------------
     0 | D:1      | Mrkan the Troll Berserker began the quest for the Orb.
     0 | D:1      | Reached XP level 1. HP: 22/22 MP: 0/0
    80 | D:1      | Reached XP level 2. HP: 29/29 MP: 1/1
   128 | D:1      | Reached skill level 4 in Unarmed Combat
   684 | D:2      | Reached XP level 3. HP: 36/36 MP: 2/2
   757 | D:2      | Reached ** piety under Trog
  1014 | D:2      | Noticed Terence
  1020 | D:2      | Killed Terence
  1020 | D:2      | Reached skill level 5 in Unarmed Combat
  1020 | D:2      | Reached XP level 4. HP: 33/44 MP: 3/3
  1444 | D:3      | Found a stormy altar of Qazlal.
  1606 | D:3      | Found a glowing silver altar of Zin.
  1725 | D:3      | Noticed tropicdream's ghost (amateur DrAE)
  1726 | D:3      | Found a transporter.
  1726 | D:3      | Noticed an ogre
  1726 | D:3      | Noticed an ogre
  1727 | D:3      | Found a transporter.
  1729 | D:3      | Noticed an ogre
  1934 | D:4      | Reached XP level 5. HP: 46/50 MP: 4/4
  1941 | D:4      | Reached skill level 6 in Unarmed Combat
  2150 | D:4      | Noticed a sky beast
  2166 | D:4      | Killed a sky beast
  2166 | D:4      | Reached XP level 6. HP: 47/59 MP: 5/5
  2212 | D:4      | Reached *** piety under Trog
  2279 | D:4      | Reached skill level 7 in Unarmed Combat
  2418 | D:5      | Entered Level 5 of the Dungeon
  2504 | D:5      | Reached skill level 1 in Throwing
  2513 | D:5      | Reached XP level 7. HP: 33/67 MP: 6/6
  2846 | D:5      | Found a shattered altar of Ashenzari.
  3131 | D:6      | Noticed Pikel
  3147 | D:6      | Killed Pikel
  3147 | D:6      | Reached skill level 5 in Throwing
  3147 | D:6      | Reached XP level 8. HP: 54/78 MP: 7/7
  3274 | D:6      | Noticed Grinder
  3285 | D:6      | Paralysed by Grinder for 4 turns
  3288 | D:6      | HP: 1/78 [ogre/+0 giant club (8)]
  3342 | D:6      | Killed Grinder
  3406 | D:6      | Noticed Edmund
  3420 | D:6      | Killed Edmund
  3517 | D:6      | Paralysed by an orc warrior for 6 turns
  3523 | D:6      | Mangled by an orc warrior

Skill      XL: |  1  2  3  4  5  6  7  8 |
---------------+-------------------------+-----
Unarmed Combat | 4 5 6 7 |  7.1
Throwing       | 2 5 6 |  6.6
Fighting       | 3 4 |  4.9
Dodging        | |  2.4

Action                   |  1- 3 |  4- 6 |  7- 9 || total
-------------------------+-------+-------+-------++-------
Melee: Unarmed           |    85 |   149 |    79 ||   313
       Punch             |       |     4 |     2 ||     6
       Dire flail        |       |       |     8 ||     8
Invok: Berserk           |       |     1 |     1 ||     2
       Trog's Hand       |       |       |     1 ||     1
  Use: Scroll            |       |     5 |       ||     5
  Eat: Chunk             |     4 |    15 |     7 ||    26
       Ration            |     1 |       |       ||     1
Armor: Animal skin       |    60 |    63 |    33 ||   156
Dodge: Dodged            |    52 |   110 |    45 ||   207
